 Dungeon Crawl Stone Soup version 0.20-a0-454-g2b43fbb (webtiles) character file.

3095 Kidiri the Thaumaturge (level 9, 0/49 HPs)
             Began as a Deep Elf Fire Elementalist on Jan 9, 2017.
             Killed by divine providence
             ... invoked by an orc priest
              (10 damage)
             ... on level 7 of the Dungeon.
             The game lasted 00:21:35 (7932 turns).

Kidiri the Thaumaturge (Deep Elf Fire Elementalist) Turns: 7932, Time: 00:21:36

Health: 0/49       AC:  3    Str:  5    XL:     9   Next: 59%
Magic:  17/24      EV: 15    Int: 24    God:
Gold:   349        SH:  0    Dex: 15    Spells: 9/27 levels left

rFire  . . .     SeeInvis .     p - +6 dagger (freeze)
rCold  . . .     Gourm    +     a - +0 robe
rNeg   . . .     Faith    .     (no shield)
rPois  +         Spirit   .     e - +1 helmet
rElec  .         Reflect  .     (no cloak)
rCorr  .         Harm     .     (no gloves)
MR     +....                    (no boots)
Stlth  ++........               A - amulet of the gourmand
                                E - ring of protection from magic
                                g - ring of poison resistance

@: very slightly contaminated
A: deformed body, sense surroundings 1, slow regeneration 1
a: no special abilities


You were on level 7 of the Dungeon.
You were completely stuffed.

You visited 2 branches of the dungeon, and saw 8 of its levels.

You collected 349 gold pieces.

Inventory:

Hand Weapons
 p - a +6 dagger of freezing (weapon)
Armour
 a - a +0 robe (worn)
 e - a +1 helmet (worn)
 u - the +0 shield "Niurrof" {Str+3}
   (You found it on level 5 of the Dungeon)

   It affects your strength (+3).
Jewellery
 g - a ring of poison resistance (left hand)
 m - an uncursed ring of ice
 n - an uncursed ring of stealth
 A - an amulet of the gourmand (around neck)
 E - a ring of protection from magic (right hand)
Wands
 t - a wand of acid (6/15)
 v - a wand of flame (19/48)
 y - a wand of disintegration (11/24)
 B - a wand of polymorph (16/24)
Scrolls
 d - 2 scrolls of teleportation
 f - 3 scrolls of remove curse
 o - 2 scrolls of magic mapping
 q - a scroll of amnesia
 r - a scroll of immolation
 w - 2 scrolls of blinking
Potions
 h - a potion of flight
 i - 2 potions of berserk rage
 j - 2 potions of haste
 k - 2 potions of curing
 x - a potion of lignification {unknown}
 z - a potion of ambrosia {unknown}
 C - 2 potions of might {unknown}
Books
 b - a book of Flames

   Spells                             Type                      Level
   a - Flame Tongue                   Conjuration/Fire             1
   b - Throw Flame                    Conjuration/Fire             2
   c - Conjure Flame                  Conjuration/Fire             3
   d - Inner Flame                    Hexes/Fire                   3
   e - Sticky Flame                   Conjuration/Fire             4
   f - Fireball                       Conjuration/Fire             5
Comestibles
 c - 4 bread rations
 l - 3 meat rations
 D - a chunk of flesh


   Skills:
 + Level 2.5 Fighting
 + Level 4.0 Short Blades
 + Level 3.0 Armour
 + Level 5.1 Dodging
 - Level 2.4 Stealth
 + Level 1.0 Shields
 * Level 9.9 Spellcasting
 + Level 5.8 Conjurations
 + Level 6.5 Fire Magic
 + Level 3.4 Evocations


You had 9 spell levels left.
You knew the following spells:

 Your Spells              Type           Power        Failure   Level  Hunger
a - Flame Tongue          Conj/Fire      #####        1%          1    None
b - Throw Flame           Conj/Fire      #####.       1%          2    None
c - Conjure Flame         Conj/Fire      #####...     1%          3    None
d - Inner Flame           Hex/Fire       ####....     4%          3    None
e - Sticky Flame          Conj/Fire      #####...     4%          4    #......
f - Fireball              Conj/Fire      #####.....   14%         5    ####...


Dungeon Overview and Level Annotations

Branches:
Dungeon (7/15)             Temple (1/1) D:5

Altars:
Ashenzari
Cheibriados
Elyvilon
Gozag
Hepliaklqana
Kikubaaqudgha
Makhleb
Nemelex Xobeh
Okawaru
Qazlal
Sif Muna
Trog
Uskayaw
Xom
Yredelemnul
Zin
The Shining One

Annotations:
D:5 2 runed doors


Innate Abilities, Weirdness & Mutations

Armour fits poorly on your strangely shaped body.
You passively map a small area around you.
You regenerate slowly when monsters are visible.


Message History

Your Short Blades skill increases to level 4!
You hear an angry hiss.
Unknown command.
Casting: Fireball
Confirm with . or Enter, or press ? or * to list all spells.
Aiming: Flame Tongue
Press: ? - help, Shift-Dir - straight line, f - hog
Aim: a hog (almost dead)
The flame tongue hits the hog.
You kill the hog!
Your Armour skill increases to level 3!
Your Shields skill increases to level 1!
Your extra speed is starting to run out.
You see here a club.
You feel yourself slow down.
There is a stone staircase leading up here.
You start resting.
The orc priest mumbles some strange prayers to Beogh against you.
Beogh smites you!
You die...

#.## #.# ..###### *
#......####.##
#.##.........#
#.##.#.####.##
#....#.# * #.####.#
#.########## #......#
#.....@....#
#....###############o#
####......#* ####.####
......###... #.......#
........#... *
#.##.##.# ............
,* #.##.##)#
........#... ,
#.##...)# ............
, #.####..#
........#### *
#.####).#


You could see an orc priest.

Vanquished Creatures
  A hornet (D:5)
  2 hogs (D:7)
  The ghost of barakagiga the Skirmisher, an amateur GrBe of Trog (D:3)
  Edmund (D:4)
  A water moccasin (D:5)
  3 ice beasts
  A hornet zombie (D:5)
  2 sky beasts
  A black bear (D:5)
  A necrophage (D:6)
  3 ogres
  A centaur (D:6)
  A bullfrog (D:6)
  2 scorpions
  3 wights (D:3)
  A crimson imp (D:5)
  A quasit (D:5)
  6 hounds
  2 bullfrog zombies
  A gnoll shaman (D:7)
  A jelly (D:6)
  3 iguanas
  5 orc wizards
  3 worker ants
  2 worker ant zombies
  A howler monkey skeleton (D:4)
  9 gnolls
  7 adders
  2 shadow imps (D:5)
  2 oozes (D:5)
  3 worms
  A dart slug (D:4)
  6 leopard geckos
  20 orcs
  3 bats
  6 giant cockroaches
  2 goblins
  6 hobgoblins
  9 jackals
  5 quokkas
  5 frilled lizards
  6 kobolds
  A quokka skeleton (D:6)
  5 rats
148 creatures vanquished.

Notes
Turn   | Place    | Note
-------+----------+-------------------------------------------
     0 | D:1      | Kidiri the Deep Elf Fire Elementalist began the quest for the Orb.
     0 | D:1      | Reached XP level 1. HP: 10/10 MP: 6/6
   522 | D:1      | Reached XP level 2. HP: 15/15 MP: 6/8
   529 | D:1      | Learned a level 2 spell: Throw Flame
  1203 | D:2      | Reached skill level 4 in Spellcasting
  1411 | D:2      | Reached XP level 3. HP: 19/19 MP: 10/10
  1416 | D:2      | Learned a level 3 spell: Conjure Flame
  1420 | D:2      | Learned a level 3 spell: Inner Flame
  2429 | D:3      | Reached XP level 4. HP: 24/24 MP: 8/12
  2474 | D:3      | Reached skill level 5 in Spellcasting
  2564 | D:3      | Learned a level 4 spell: Sticky Flame
  2629 | D:3      | Reached XP level 5. HP: 23/28 MP: 1/15
  2642 | D:3      | Reached skill level 6 in Spellcasting
  2890 | D:3      | Noticed barakagiga's ghost (amateur GrBe)
  2896 | D:3      | Killed barakagiga's ghost
  2896 | D:3      | Reached XP level 6. HP: 32/32 MP: 5/17
  2903 | D:3      | Learned a level 5 spell: Fireball
  2971 | D:3      | Found a faded altar of an unknown god.
  3377 | D:4      | Reached skill level 7 in Spellcasting
  3426 | D:4      | Reached skill level 1 in Short Blades
  3426 | D:4      | Reached XP level 7. HP: 33/37 MP: 2/19
  3562 | D:4      | Found an opulent altar of Gozag.
  3735 | D:4      | Noticed Edmund
  3748 | D:4      | Killed Edmund
  3748 | D:4      | Reached skill level 1 in Armour
  3913 | D:4      | Found a burning altar of Makhleb.
  4342 | D:5      | Entered Level 5 of the Dungeon
  4345 | D:5      | Reached skill level 1 in Fighting
  4345 | D:5      | Reached skill level 5 in Fire Magic
  4354 | D:5      | Reached skill level 8 in Spellcasting
  4354 | D:5      | Reached skill level 1 in Evocations
  4578 | D:5      | Reached XP level 8. HP: 29/43 MP: 17/22
  4670 | D:5      | Found a bloodstained altar of Trog.
  4877 | D:5      | Found a large runed door.
  4877 | D:5      | Found a large runed door.
  4938 | D:5      | Found a large runed door.
  4938 | D:5      | Found a large runed door.
  5088 | D:5      | Reached skill level 5 in Conjurations
  5455 | D:5      | Reached skill level 9 in Spellcasting
  5810 | D:5      | Found a staircase to the Ecumenical Temple.
  5815 | Temple   | Entered the Ecumenical Temple
  6159 | D:5      | Gained mutation: You regenerate slowly when monsters are visible. [mutagenic meat]
  6160 | D:5      | Gained mutation: Armour fits poorly on your strangely shaped body. [mutagenic meat]
  6161 | D:5      | Gained mutation: You passively map a small area around you. [mutagenic meat]
  6273 | D:5      | Noticed a hornet
  6284 | D:5      | Killed a hornet
  6284 | D:5      | Reached XP level 9. HP: 48/48 MP: 13/24
  6354 | D:5      | Got a transparent shield
  6367 | D:5      | Identified the +0 shield "Niurrof" {Str+3} (You found it on level 5 of the Dungeon)
  7412 | D:6      | Found a snail-covered altar of Cheibriados.
  7784 | D:7      | Reached skill level 5 in Dodging
  7849 | D:7      | HP: 1/49 [hog (12)]
  7869 | D:7      | Reached skill level 1 in Shields
  7932 | D:7      | Killed from afar by an orc priest

Vault maps used:
D:1:      lemuel_arrival_behind_the_door_large, kennysheep_another_room,
          minmay_unequal
D:2:      first_bread
D:3:      chequers_ecumenical_altar_simple_redux
D:4:      makhleb_heckhound_becter, grunt_gozag_statues, uniq_edmund
D:5:      old_standard_altar, minmay_misc_feat_cross,
          minmay_hollow_rounded_squares
D:6:      nicolae_overflow_hidden_temple, hangedman_glass_teeth,
          kennysheep_nondescript
D:7:      old_standard_altar, grunt_livestock, minmay_item_behind_shaft,
          kennysheep_potato, uniq_prince_ribbit1
Temple:   jpeg_temple_clearing

Skill      XL: |  1  2  3  4  5  6  7  8  9 |
---------------+----------------------------+-----
Spellcasting   | 4 5 6 7 8 9 |  9.9
Conjurations   | 2 3 4 5 |  5.8
Fire Magic     | 4 5 6 |  6.5
Short Blades   | 1 2 3 4 |  4.0
Armour         | 1 2 3 |  3.0
Fighting       | 1 2 |  2.5
Dodging        | 3 4 5 |  5.1
Evocations     | 1 2 3 |  3.4
Shields        | 1 |  1.0
Stealth        | |  2.4

Action                   |  1- 3 |  4- 6 |  7- 9 || total
-------------------------+-------+-------+-------++-------
Melee: Unarmed           |     5 |       |       ||     5
       Dagger            |    15 |    20 |    97 ||   132
       Short sword       |     3 |       |       ||     3
 Cast: Flame Tongue      |    75 |    47 |   106 ||   228
       Throw Flame       |     2 |     2 |     3 ||     7
       Conjure Flame     |       |     2 |     6 ||     8
       Inner Flame       |       |     2 |     4 ||     6
       Sticky Flame      |       |     2 |    23 ||    25
       Fireball          |       |       |     5 ||     5
  Use: Scroll            |     6 |     4 |     8 ||    18
       Potion            |       |       |     2 ||     2
 Stab: Sleeping          |     3 |     3 |    14 ||    20
  Eat: Chunk             |     4 |     4 |    26 ||    34
       Pizza             |       |       |     1 ||     1
       Beef jerky        |       |       |     1 ||     1
Armor: Robe              |    14 |     8 |    17 ||    39
Dodge: Dodged            |    49 |    18 |    79 ||   146
Block: Shield            |       |       |     9 ||     9
